 Dungeon Crawl Stone Soup version 0.27-a0-1217-g8a41f320e8 (webtiles) character file.

Game seed: 10866323371574901541

80 Froggeryz the Chopper (level 4, -5/35 HPs)
             Began as a Palentonga Gladiator on June 6, 2021.
             Slain by a gnoll
             ... wielding a +0 halberd
              (11 damage)
             ... on level 3 of the Dungeon.
             The game lasted 00:02:05 (2025 turns).

Froggeryz the Chopper (Palentonga Gladiator)        Turns: 2025, Time: 00:02:06

Health: -5/35      AC: 10    Str: 19    XL:     4   Next: 18%
Magic:  4/4        EV:  5    Int:  8    God:
Gold:   74         SH:  0    Dex: 11    Spells: 3/3 levels left

rFire    . . .     SeeInvis +   a - +0 war axe
rCold    . . .     Faith    .   (no shield)
rNeg     . . .     Spirit   .   l - +2 chain mail {rPois}
rPois    +         Reflect  .   c - +0 helmet
rElec    .         Harm     .   (no cloak)
rCorr    .         Rampage  .   (no gloves)
Will     .....                  (no barding)
Stlth    ..........             (no amulet)
HPRegen  0.11/turn              (no ring)
MPRegen  0.09/turn              (no ring)

@: slowed, very slow
A: large, rugged brown scales 3, see invisible, deformed body, roll 1, armoured
tail
a: Rolling Charge


You were on level 3 of the Dungeon.
You visited 1 branch of the dungeon, and saw 3 of its levels.

You collected 74 gold pieces.

Inventory:

Hand Weapons
 a - a +0 war axe (weapon)
Missiles
 d - 2 throwing nets (quivered)
Armour
 c - a +0 helmet (worn)
 l - a +2 chain mail of poison resistance (worn)
Scrolls
 e - a scroll of enchant armour {unknown}
 i - 3 scrolls of holy word {unknown}
 j - a scroll of vulnerability {unknown}
Potions
 f - a potion of curing
 h - a potion of ambrosia {unknown}
 k - a potion of experience {unknown}


   Skills:
 - Level 2.0 Fighting
 * Level 5.0 Axes
 - Level 1.3 Throwing
 * Level 0.1 Armour
 - Level 2.4 Dodging


You had 3 spell levels left.
You didn't know any spells.
Your spell library contained the following spells:

 Spells                   Type           Power      Damage    Failure   Level
 Magic Dart               Conj           0%         1d3       99%         1
 Blink                    Tloc           N/A        N/A       100%        2
 Call Imp                 Summ           0%         N/A       100%        2
 Slow                     Hex            0%         N/A       100%        2
 Conjure Flame            Conj/Fire      0%         6-21      100%        3
 Mephitic Cloud           Conj/Pois/Air  0%         N/A       100%        3


Dungeon Overview and Level Annotations

Branches:
Dungeon (3/15)

Altars:

Annotations:
D:3 Grinder, Jessica


Innate Abilities, Weirdness & Mutations

You are completely covered in rugged brown scales. (AC +3, +7% HP)
You have supernaturally acute eyesight. (SInv)
Armour fits poorly on your strangely shaped body.
You can roll at nearby foes to attack.
You have a long armoured tail.


Message History

You kill the endoplasm!
Jessica the Apprentice Sorceress comes into view.
She is wielding a +0 dagger.
Grinder gestures at you.
You suddenly lose the ability to move!
Jessica shouts!
Grinder blinks!
A gnoll comes into view. It is wielding a +0 flail.
Jessica casts a spell at you.
You feel yourself slow down.
A gnoll comes into view. It is wielding a +0 flail.
An adder comes into view.
The adder hisses angrily.
The gnoll shouts!
You can move again.
Unknown command.
The gnoll hits you from afar with a +0 halberd!
Grinder barely misses you.
Jessica gestures wildly while chanting.
Jessica blinks!
Jessica hits you with a +0 dagger. The gnoll hits you but does no damage.
Jessica gestures at you while chanting. Pain shoots through your body!
* * * LOW HITPOINT WARNING * * *
The adder bites you but does no damage.
It was a potion of curing.
You feel better. The adder bites you. Grinder hits you but does no damage.
Jessica hits you with a +0 dagger. The gnoll hits you but does no damage.
The adder barely misses you. Grinder hits you but does no damage.
Okay, then.
As you read the scroll labelled FEHIOM OXISMES, it crumbles to dust.
The creatures around you are filled with an inner flame!
It was a scroll of immolation.
The gnoll hits you from afar with a +0 halberd.
* * * LOW HITPOINT WARNING * * *
Jessica hits you but does no damage. The adder bites you.
* * * LOW HITPOINT WARNING * * *
Grinder hits you.
* * * LOW HITPOINT WARNING * * *
The adder bites you but does no damage.
The gnoll hits you from afar with a +0 halberd!
You die...

....... .......
.......
.......###########
#.>$...........
#...........#
#.....g.....######
#.....g@5........#
#.....gS@....###
#............#
>.............#
#######.####+#<#
#.# ### #. #.


You could see Grinder (inner flame), 3 gnolls, an adder (inner flame) and
Jessica (inner flame).

Vanquished Creatures
  Terence (D:2)
  An adder (D:2)
  A dart slug (D:1)
  5 endoplasms
  2 giant cockroaches
  2 goblins (D:1)
  6 hobgoblins (D:1)
  8 jackals (D:1)
  4 kobolds
  A quokka (D:2)
  3 ball pythons
  2 frilled lizards (D:1)
  3 rats
39 creatures vanquished.

Notes
Turn   | Place    | Note
-------+----------+-------------------------------------------
     0 | D:1      | Froggeryz the Palentonga Gladiator began the quest for the
                  | Orb.
     0 | D:1      | Reached XP level 1. HP: 17/17 MP: 1/1
   112 | D:1      | Reached XP level 2. HP: 20/23 MP: 2/2
   211 | D:1      | Reached skill level 4 in Axes
   308 | D:1      | Found a faded altar of an unknown god.
   374 | D:1      | Reached XP level 3. HP: 18/28 MP: 3/3
  1424 | D:2      | Noticed Terence
  1432 | D:2      | Killed Terence
  1433 | D:2      | Reached skill level 5 in Axes
  1433 | D:2      | Reached XP level 4. HP: 15/35 MP: 4/4
  2014 | D:3      | Noticed Grinder
  2016 | D:3      | Noticed Jessica
  2016 | D:3      | Paralysed by Grinder for 4 turns
  2025 | D:3      | Slain by a gnoll

Illustrated notes

Levels and vault maps discovered:
D:1:      ncdulo_smallfort, layout_basic, ebering_ecumenical_altar_hall,
          wad_floor_pattern_untrapped
D:2:      layout_loops_ring, chequers_mini_garden, uniq_terence
D:3:      cheibrodos_greedy_goblins, layout_basic,
          ebering_ghost_reflecting_pool, uniq_sigmund, uniq_grinder,
          uniq_jessica

Skill      XL: |  1  2  3 |
---------------+----------+-----
Axes           | 4 5 |  5.0
Fighting       | |  2.0
Throwing       | |  1.3
Armour         | |  0.1
Dodging        | |  2.4

Action                   |  1- 3 |  4- 6 || total
-------------------------+-------+-------++-------
Melee: War axe           |    89 |    10 ||    99
       Tailslap          |     6 |       ||     6
Throw: Throwing net      |     1 |       ||     1
 Abil: Rolling Charge    |     7 |     1 ||     8
  Use: Scroll            |       |     1 ||     1
       Potion            |       |     1 ||     1
 Stab: Held in net/web   |     1 |       ||     1
Armor: Leather armour    |    57 |       ||    57
       Chain mail        |       |    11 ||    11
Dodge: Dodged            |    48 |     4 ||    52

Table legend: (Time is in decaauts)
 A = Elapsed time spent in this place.
 B = Non-inter-level travel time spent in this place.
 C = Inter-level travel time spent in this place.
 D = Time resting spent in this place.
 E = Time spent auto-exploring this place.
 F = Levels seen in this place.
 G = Mean time per level.
                   A        B        C        D        E       F      G
               +--------+--------+--------+--------+--------+-----+--------+
         Total |   2056 |   2006 |     50 |    234 |   1518 |   3 |  685.3 |
       Dungeon |   2056 |   2006 |     50 |    234 |   1518 |   3 |  685.3 |
               +--------+--------+--------+--------+--------+-----+--------+

Top non-repeatable levels by time:
     D:2: 1187 daAuts
     D:1: 848 daAuts
     D:3: 20 daAuts
